 Dungeon Crawl Stone Soup version 0.30.1-9-gdf580d7c3d (webtiles) character file.

Game seed: 8132266615133640070

18 Peloso the Trooper (level 2, 27/27 HPs)
             Began as a Minotaur Fighter on Oct 25, 2023.
             Got out of the dungeon alive.
             The game lasted 00:00:46 (471 turns).

Peloso the Trooper (Minotaur Fighter)                Turns: 471, Time: 00:00:47

Health: 27/27      AC:  7    Str: 20    XL:     2   Next: 51%
Magic:  1/1        EV:  9    Int:  5    God:
Gold:   55         SH:  4    Dex:  9    Spells: 1/1 levels left

rFire   . . .        a - +0 long sword
rCold   . . .        c - +0 buckler
rNeg    . . .        b - +0 scale mail
rPois   .            (helmet restricted)
rElec   .            (no cloak)
rCorr   .            (no gloves)
SInv    .            (no boots)
Will    +....        (no amulet) Stlth
                     (no ring)
HPRegen 0.24/turn    (no ring)
MPRegen 0.07/turn

%: no passive effects
@: no status effects
A: horns 2, retaliatory headbutt, strong-willed 1, MP-powered wands
a: no special abilities


You escaped.
You visited 1 branch of the dungeon, and saw 1 of its levels.

You collected 55 gold pieces.

Inventory:

Hand Weapons
 a - a +0 long sword (weapon)
Armour
 b - a +0 scale mail (worn)
 c - a +0 buckler (worn)
Scrolls
 f - a scroll of fear {unknown}
 g - a scroll of vulnerability {unknown}
Potions
 d - a potion of might


   Skills:
 + Level 4.2 Fighting
 + Level 2.6 Long Blades
 + Level 3.9 Armour
 + Level 3.8 Shields


You had one spell level left.
You didn't know any spells.
Your spell library was empty.

Dungeon Overview and Level Annotations

Branches:
Dungeon (1/15)

Altars:


Innate Abilities, Weirdness & Mutations

You have a pair of horns on your head.
You reflexively headbutt those who attack you in melee.
You are strong-willed. (Will+)
You expend magic power (3 MP) to strengthen your wands.


Message History

Your headbutt misses the frilled lizard.
The frilled lizard bites you but does no damage.
You hit the frilled lizard but do no damage.
Your headbutt misses the frilled lizard.
The frilled lizard closely misses you.
You completely miss the frilled lizard.
You headbutt the frilled lizard, but do no damage.
The frilled lizard bites you but does no damage. x2
You completely miss the frilled lizard. The frilled lizard closely misses you.
You slash the frilled lizard!
You kill the frilled lizard!
A bat comes into view.
The bat closely misses you.
A bat is nearby!
A bat is nearby!
The bat hits you but does no damage.
You hit the bat.
You kill the bat!
You see here a bat corpse.
An endoplasm comes into view.
The endoplasm quivers.
An endoplasm is nearby!
An endoplasm is nearby!
You block the endoplasm's attack.
You hit the endoplasm.
You kill the endoplasm!
You now have 55 gold pieces (gained 13).
You see here a +0 hand axe.
Done exploring.
Done exploring.
Done exploring.
It was a potion of mutation.
You feel extremely strange.
You feel your magical essence link to the dungeon's wands.
You feel strong-willed.
(D) Dungeon
Where to? (? - help)
What level of the Dungeon? (default 1, ? - help)
There is a staircase leading out of the dungeon here.
Are you sure you want to leave the Dungeon?
This will make you lose the game!
You have escaped!

##.#### ##..#### #...##... #.#
###....# ######...##... #.#
#.....## #.......###... ##.#####
#.#...#####.......####.. #......#
#.#...##....#......###..
#......###.#...##.......#.#.##...
#..............##..............>.
#.......##.#...#.8......#...##...
#.......##.....#@.......##..###..
#.........##...#.8......##..####.
##.######.#######....##.###..####
##.# #...#####....##.........#
...# ##.....##....#########...
...# #.....#####.....#####.#.
...#######.....#####........##)).
......)..........................
......####.............)...##...#


There were no monsters in sight!

Vanquished Creatures
  3 endoplasms (D:1)
  5 goblins (D:1)
  2 kobolds (D:1)
  2 quokkas (D:1)
  A ball python (D:1)
  2 bats (D:1)
  A frilled lizard (D:1)
16 creatures vanquished.

Notes
Turn   | Place    | Note
-------+----------+-------------------------------------------
     0 | D:1      | Peloso the Minotaur Fighter began the quest for the Orb.
     0 | D:1      | Reached XP level 1. HP: 19/19 MP: 0/0
   163 | D:1      | Reached XP level 2. HP: 17/27 MP: 1/1
   167 | D:1      | Reached skill level 4 in Fighting
   456 | D:1      | Gained mutation: You expend magic power (3 MP) to
                  | strengthen your wands. [potion of mutation]
   456 | D:1      | Gained mutation: You are strong-willed. (Will+) [potion of
                  | mutation]
   471 | D:$      | Got out of the dungeon alive.

Illustrated notes

Levels and vault maps discovered:
D:1:      mrwooster_arrival_statue, layout_rooms

Skill      XL: |  1  2 |
---------------+-------+-----
Fighting       | 4 |  4.2
Long Blades    | |  2.6
Armour         | |  3.9
Shields        | |  3.8

Action                     || total
---------------------------++-------
  Melee: Long sword        ||    28
         Headbutt          ||     1
    Use: Potion            ||     1
 Armour: Scale mail        ||    19
  Dodge: Dodged            ||    19
  Block: Buckler           ||     3
